 Dungeon Crawl Stone Soup version 0.29.1-15-g9cfb28693d (webtiles) character file.

Game seed: 269098260403934827

15 croobank the Sneak (level 2, -1/21 HPs)
             Began as an Octopode Delver on Mar 13, 2023.
             Slain by an iguana (14 damage)
             ... on level 7 of the Dungeon.
             The game lasted 00:00:31 (353 turns).

croobank the Sneak (Octopode Delver)                 Turns: 353, Time: 00:00:31

Health: -1/21      AC:  1    Str: 11    XL:     2   Next: 50%
Magic:  2/2        EV: 13    Int: 12    God:
Gold:   0          SH:  0    Dex: 13    Spells: 1/1 levels left

rFire   . . .      SeeInvis .   a - +0 hand axe
rCold   . . .      Faith    .   (no shield)
rNeg    . . .      Spirit   .   (helmet restricted)
rPois   .          Reflect  .   (no amulet)
rElec   .          Harm     .   (no ring)
rCorr   .          Rampage  .   (no ring)
Will    .....                   (no ring)
Stlth   ++++......              (no ring)
HPRegen 0.07/turn               (no ring)
MPRegen 0.08/turn               (no ring)
                                (no ring)
                                (no ring)

@: no status effects
A: almost no armour, amphibious, 8 rings, camouflage 1, gelatinous body 1,
(nimble swimmer 1), tentacles
a: no special abilities


You were on level 7 of the Dungeon.
You visited 1 branch of the dungeon, and saw 3 of its levels.

Inventory:

Hand Weapons
 a - a +0 hand axe (weapon)
Missiles
 i - 5 poisoned darts (quivered)
Wands
 f - a wand of digging (3)
Scrolls
 b - a scroll of fog
 c - a scroll of magic mapping
 d - a scroll of fear
Potions
 e - a potion of haste
 g - a potion of berserk rage {unknown}
 h - a potion of heal wounds {unknown}


   Skills:
 + Level 3.2 Fighting
 + Level 2.3 Axes
 + Level 2.2 Dodging
 + Level 6.8 Stealth


You had one spell level left.
You didn't know any spells.
Your spell library was empty.

Dungeon Overview and Level Annotations

Branches:
Dungeon (7/15)
 Temple: D:4-7

Altars:


Innate Abilities, Weirdness & Mutations

You cannot wear most types of armour.
You are amphibious.
You can wear up to eight rings at the same time.
Your skin changes colour to match your surroundings (Stealth+).
Your rubbery body absorbs attacks. (AC +1, EV +1)
((You are camouflaged when in or above water. (Stealth+)))
You have tentacles for arms and can constrict up to eight enemies at once.


Message History

You see here 5 poisoned darts.
i - 5 poisoned darts The white imp shouts, "Slither away, thou peeagling toot-wallowing yak-dropping!"
The white imp barely misses you.
You hit the white imp. You grab the white imp.
You squeeze the white imp, but do no damage.
The white imp is lightly wounded.
You constrict the white imp, but do no damage.
The white imp hits you. The white imp freezes you.
You barely miss the white imp. You squeeze the white imp.
The white imp is moderately wounded.
You constrict the white imp, but do no damage.
The white imp misses you.
You hit the white imp but do no damage. You squeeze the white imp!
You kill the white imp!
You start resting.
HP restored.
There is a stone staircase leading down here.
You climb downwards.
Found a fizzy inky potion.
Found a stone staircase leading down.
There is a stone staircase leading up here.
An orc warrior and an orc wizard come into view.
There is a stone staircase leading up here.
An iguana comes into view.
Found 14 gold pieces.
The iguana hisses angrily.
There is a stone staircase leading down here.
You closely miss the iguana. Your grab misses the iguana.
You squeeze the iguana.
The iguana is lightly wounded.
The iguana closely misses you.
You barely miss the iguana. Your grab misses the iguana.
The iguana is lightly wounded.
The iguana bites you!
You hit the iguana but do no damage. You grab the iguana.
You squeeze the iguana.
The iguana is moderately wounded.
You constrict the iguana. The iguana bites you!
Ouch! That really hurt!
You die...

#.# #.# #
#.#####.##.# .#
#.....<...###.#
#.!##......#.#
#.. #.....#.#
... #..#....#
...
##...###...##
.o
#.....#.....# o
...##......@#
.#. ##.#.#.l# .
#....#..#
#..#.....#
...###.....
.#..#.....##
##...#...#
..$.....


You could see an iguana.

Vanquished Creatures
  A shadow imp (D:6)
  A white imp (D:6)
2 creatures vanquished.

Notes
Turn   | Place    | Note
-------+----------+-------------------------------------------
     0 | D:5      | croobank the Octopode Delver began the quest for the Orb.
     0 | D:5      | Reached XP level 1. HP: 16/16 MP: 1/1
   113 | D:6      | Reached XP level 2. HP: 12/21 MP: 2/2
   338 | D:7      | Noticed an orc warrior
   353 | D:7      | Slain by an iguana

Illustrated notes

Levels and vault maps discovered:
D:5:      layout_layer_cave, kennysheep_mini_moat, minmay_shop_damaged
D:6:      layout_basic, eat_drink_and_be_merry_uskayaw,
          lemuel_zombie_altar_yredelemnul, grunt_qazlal_clouds,
          hangedman_abyss_or_decor_slice, uniq_prince_ribbit1
D:7:      layout_loops_ring, nicolae_gozag_seed_capital, temple_statues,
          minmay_strange_pillars, nicolae_shop_sticking_my_neck_out

Action                   || total
-------------------------++-------
Melee: Hand axe          ||    12
       Tentacles         ||     6
       Constrict         ||     3
Dodge: Dodged            ||     6
